 Seeded DCSS version 0.27-a0-95-g5a9077b8ae (webtiles) character file.

Game seed: 3165166927895876312 (custom seed)

227 tacoguy the Shield-Bearer (level 5, 0/44 (47) HPs)
             Began as a Minotaur Fighter on Jan 18, 2021.
             Succumbed to a wight's poison
             ... on level 6 of the Dungeon.
             The game lasted 00:04:47 (2151 turns).

tacoguy the Shield-Bearer (Minotaur Fighter)        Turns: 2151, Time: 00:04:47

HP:   0/44 (47)     AC:  9    Str: 21    XL:     5   Next: 70%
MP:   4/4           EV:  8    Int:  5    God:
Gold: 153           SH:  9    Dex: 10    Spells: 4/4 levels left

rFire    . . .     SeeInvis .   a - +0 war axe
rCold    . . .     Faith    .   c - +0 kite shield
rNeg     . . .     Spirit   .   b - +0 scale mail
rPois    .         Reflect  .   (helmet restricted)
rElec    .         Harm     .   l - +0 cloak
rCorr    .         Rampage  .   i - +0 pair of gloves
Will     .....                  (no boots)
Stlth    ..........             (no amulet)
HPRegen  0.14/turn              (no ring)
MPRegen  0.09/turn              (no ring)

@: mighty, lethally poisoned (0 -> -28), hasted, drained, very quick
A: retaliatory headbutt, horns 2
a: no special abilities


You were on level 6 of the Dungeon.
You visited 1 branch of the dungeon, and saw 4 of its levels.

You collected 153 gold pieces.

Inventory:

Hand Weapons
 a - a +0 war axe (weapon)
Missiles
 e - 6 datura-tipped darts (quivered)
Armour
 b - a +0 scale mail (worn)
 c - a +0 kite shield (worn)
 i - a +0 pair of gloves (worn)
 l - a +0 cloak (worn)
Wands
 m - a wand of flame (16)
Scrolls
 f - 3 scrolls of identify {unknown}
 g - 6 scrolls of teleportation {unknown}
 j - a scroll of noise {unknown}
 n - a scroll of immolation {unknown}
 q - a scroll of enchant armour {unknown}
 r - a scroll of random uselessness {unknown}
Potions
 h - a potion of lignification {unknown}
 o - a potion of resistance {unknown}
 p - a potion of mutation {unknown}


   Skills:
 + Level 4.7 Fighting
 + Level 3.9 Axes
 + Level 4.7 Armour
 + Level 2.5 Dodging
 + Level 4.7 Shields


You had 4 spell levels left.
You didn't know any spells.
Your spell library was empty.

Dungeon Overview and Level Annotations

Branches:
Dungeon (3/15)

Altars:
Cheibriados


Innate Abilities, Weirdness & Mutations

You reflexively headbutt those who attack you in melee.
You have a pair of horns on your head.


Message History

You feel very mighty all of a sudden.
You feel sick. The wight hits you with a +5 spear.
The wight hits you but does no damage.
The wight hits you with a cursed +0 dire flail!
* * * LOW HITPOINT WARNING * * *
You feel drained.
* * * LOW HITPOINT WARNING * * *
The wight hits you but does no damage.
You are more poisoned.
You barely miss the wight. Your headbutt misses the wight.
The wight is heavily damaged.
You barely miss the wight. x2; You slash the wight!
* * * LOW HITPOINT WARNING * * *
You feel sick. You block the wight's attack. x2
The wight hits you but does no damage.
You are more poisoned.
The wight hits you with a cursed +0 dire flail.
* * * LOW HITPOINT WARNING * * *
It was a potion of haste.
You feel yourself speed up.
You die...

##.. ### .... #..
..... #)#####.....
## #...........
....###..?........
#....)..zz.....#
#...@zZ.#
#....z<.#
#.......#
#.......#
####.#### #.# ...
####


You could see 4 wights and a hound skeleton.

Vanquished Creatures
  An orc priest (D:3)
  2 orc wizards (D:3)
  Jessica (D:3)
  A worker ant (D:2)
  2 adders (D:2)
  An ooze (D:1)
  4 worms (D:2)
  2 dart slugs
  An orc (D:3)
  4 bats
  5 giant cockroaches
  6 goblins
  5 hobgoblins
  3 jackals
  A quokka (D:2)
  2 frilled lizards
  6 kobolds
  11 rats
58 creatures vanquished.

Notes
Turn   | Place    | Note
-------+----------+-------------------------------------------
     0 | D:1      | tacoguy the Minotaur Fighter began the quest for the Orb.
     0 | D:1      | Reached XP level 1. HP: 19/19 MP: 0/0
   412 | D:1      | Reached XP level 2. HP: 27/27 MP: 1/1
   836 | D:2      | Reached skill level 1 in Dodging
   938 | D:2      | Reached XP level 3. HP: 33/33 MP: 2/2
  1032 | D:2      | Reached XP level 4. HP: 21/40 MP: 3/3
  1748 | D:3      | Noticed Jessica
  1759 | D:3      | Killed Jessica
  1874 | D:3      | Found a snail-covered altar of Cheibriados.
  1914 | D:3      | Reached XP level 5. HP: 35/47 MP: 4/4
  2142 | D:3      | You fall into a shaft and drop 3 floors!
  2150 | D:6      | HP: 2/44 [wight/cursed +0 dire flail (5)]
  2151 | D:6      | Succumbed to a wight's poison

Illustrated notes

Levels and vault maps discovered:
D:1:      saegor_arrival_simple_b, layout_loops_corners
D:2:      minmay_diamond_boxcup, layout_loops_ring, minmay_pentomino_q4
D:3:      layout_basic, lemuel_doored_altar, trog_book, uniq_jessica,
          uniq_crazy_yiuf_cottage
D:6:      layout_loops_ring, old_standard_altar, nicolae_tso_carved_into_rock,
          uniq_sigmund

Skill      XL: |  1  2  3  4 |
---------------+-------------+-----
Dodging        | 1 2 |  2.5
Fighting       | 4 |  4.7
Axes           | 3 |  3.9
Armour         | 4 |  4.7
Shields        | 4 |  4.7

Action                   |  1- 3 |  4- 6 || total
-------------------------+-------+-------++-------
Melee: War axe           |    72 |    65 ||   137
       Headbutt          |    10 |    11 ||    21
  Use: Potion            |       |     2 ||     2
Armor: Scale mail        |    51 |    33 ||    84
Dodge: Dodged            |    37 |    25 ||    62
Block: Kite shield       |    49 |    27 ||    76

Table legend: (Time is in decaauts)
 A = Elapsed time spent in this place.
 B = Non-inter-level travel time spent in this place.
 C = Inter-level travel time spent in this place.
 D = Time resting spent in this place.
 E = Time spent auto-exploring this place.
 F = Levels seen in this place.
 G = Mean time per level.
                   A        B        C        D        E       F      G
               +--------+--------+--------+--------+--------+-----+--------+
         Total |   2207 |   2130 |     77 |      0 |   1689 |   4 |  551.8 |
       Dungeon |   2207 |   2130 |     77 |      0 |   1689 |   4 |  551.8 |
               +--------+--------+--------+--------+--------+-----+--------+

Top non-repeatable levels by time:
     D:2: 967 daAuts
     D:1: 818 daAuts
     D:3: 411 daAuts
     D:6: 10 daAuts
